 Dungeon Crawl Stone Soup version 0.31-a0-1-g4198be8af4 (webtiles) character file.

Game seed: 4029326539324295219

534 Ahpoh the Slasher (level 7, -4/37 HPs)
             Began as a Vine Stalker Monk on May 2, 2023.
             Slain by Menkaure (16 damage)
             ... on level 4 of the Dungeon.
             The game lasted 00:10:15 (3075 turns).

Ahpoh the Slasher (Vine Stalker Monk)               Turns: 3075, Time: 00:10:16

Health: -4/37      AC:  8    Str: 13    XL:     7   Next: 25%
Magic:  0/8        EV:  7    Int: 10    God:
Gold:   230        SH:  0    Dex: 19    Spells: 6/6 levels left

rFire   . . .        a - +1 falchion
rCold   . . .        d - orb {light}
rNeg    . . .        p - +0 chain mail
rPois   .            (no helmet)
rElec   .            (no cloak)
rCorr   .            (no gloves)
SInv    .            (no boots)
Will    .....        (no amulet) Stlth
                     j - ring of flight
HPRegen 1.06/turn    (no ring)
MPRegen 0.11/turn

%: guardian spirit
@: flying, glowing
A: fangs 2, regeneration 1, magic shield, antimagic bite, no potion heal 2
a: no special abilities


You were on level 4 of the Dungeon.
You visited 1 branch of the dungeon, and saw 4 of its levels.
You also visited: Sewer.

You collected 230 gold pieces.

Inventory:

Hand Weapons
 a - a +1 falchion (weapon)
Missiles
 e - a curare-tipped dart
 u - 25 poisoned darts (quivered)
Armour
 d - an orb of light (worn)
 p - a +0 chain mail (worn)
Jewellery
 j - a ring of flight (left hand)
 q - a ring of protection from cold
 x - a ring of protection from fire
Wands
 m - a wand of roots (9)
Scrolls
 b - a scroll of magic mapping
 f - a scroll of identify {unknown}
 g - a scroll of noise {unknown}
 k - a scroll of teleportation {unknown}
 l - a scroll of fear
 n - a scroll of amnesia {unknown}
 t - a scroll of enchant weapon
 v - a scroll of enchant armour {unknown}
Potions
 c - a potion of ambrosia
 h - a potion of heal wounds {unknown}
 i - 3 potions of curing
 o - 4 potions of cancellation {unknown}
 r - a potion of might {unknown}
 s - a potion of flight {unknown}
 w - a potion of berserk rage {unknown}


   Skills:
 + Level 4.0 Fighting
 + Level 5.4 Long Blades
 + Level 2.0 Armour
 + Level 3.3 Dodging
 + Level 1.9 Stealth


You had 6 spell levels left.
You didn't know any spells.
Your spell library contained the following spells:

 Spells                   Type           Power      Damage    Failure   Level
 Sandblast                Erth           0%         2d4       100%        1
 Passwall                 Tmut/Erth      0%         N/A       100%        2
 Stone Arrow              Conj/Erth      0%         3d7       100%        3


Dungeon Overview and Level Annotations

Branches:
Dungeon (4/15)              Sewer (visited)
 Temple: D:4-7

Altars:
Ashenzari
Kikubaaqudgha

Annotations:
D:4 Menkaure


Innate Abilities, Weirdness & Mutations

You have extremely sharp teeth.
Your natural rate of healing is unusually fast.
When hurt, damage is shared between your health and your magic reserves.
Your bite disrupts and absorbs the magic of your enemies.
Potions cannot restore your health.


Message History

Your weapon can't reach that far!
Okay, then.
Throw: 30 darts (poison)
Press: ? - help, Q - select action, (/) - cycle Shift-Dir - straight line, f - Menkaure
Aim: Menkaure (fast, 77% to hit)
You throw a poisoned dart. The poisoned dart hits Menkaure.
Throw: 29 darts (poison)
Press: ? - help, Q - select action, (/) - cycle Shift-Dir - straight line, f/p - Menkaure
Aim: Menkaure (fast, 77% to hit)
You throw a poisoned dart. The poisoned dart hits Menkaure.
Throw: 28 darts (poison)
Press: ? - help, Q - select action, (/) - cycle Shift-Dir - straight line, f/p - Menkaure
Aim: Menkaure (fast, 77% to hit)
You throw a poisoned dart. The poisoned dart hits Menkaure.
Throw: 27 darts (poison)
Press: ? - help, Q - select action, (/) - cycle Shift-Dir - straight line, f/p - Menkaure
Aim: Menkaure (fast, 77% to hit)
You throw a poisoned dart. The poisoned dart hits Menkaure.
Throw: 26 darts (poison)
Press: ? - help, Q - select action, (/) - cycle Shift-Dir - straight line, f/p - Menkaure
Aim: Menkaure (fast, haloed, 94% to hit)
You throw a poisoned dart.
The poisoned dart hits the giant cockroach.
The giant cockroach bites you but does no damage.
You hit Menkaure.
Menkaure is moderately damaged.
Menkaure calls on the powers of darkness!
Your body is wracked with pain!
The giant cockroach convulses!
The giant cockroach waves its antennae.
The giant cockroach bites you but does no damage.
You slash Menkaure!
Menkaure is severely damaged.
Menkaure hits you! The giant cockroach bites you.
The giant cockroach bites you but does no damage.
Menkaure hits you.
* * * LOW HITPOINT WARNING * * *
You hit Menkaure but do no damage.
Menkaure is severely damaged.
The giant cockroach barely misses you. Menkaure hits you!!
You die...

..... #......# .[## ###
##.....# ...# ##.### #.....#
...### #....### #....#
.....####.....###....# ..
......#####..........# #..
.......# ##.........# #...
.......## ##..).....## #..M.
..<.....### ##..@M....###?....
.........>###....B....#.......
รท..........#........((((......
.......................!......
.#########....................
.# ##....##.........#### .#
#...#####.....### .# ##...#
#....## .# ##..# ##...#


You could see Menkaure (fast) and a giant cockroach.

Vanquished Creatures
  4 kobold brigands (Sewer)
  Jessica (D:2)
  An orc wizard (D:3)
  8 adders
  2 river rats (Sewer)
  5 worms
  A dart slug (D:2)
  4 orcs (D:3)
  7 ball pythons
  7 endoplasms
  2 giant cockroaches
  11 goblins
  7 hobgoblins
  4 jackals (D:3)
  3 quokkas
  3 bats
  6 frilled lizards
  11 kobolds
  12 rats
  A spectral hobgoblin (D:2)
100 creatures vanquished.

Notes
Turn   | Place    | Note
-------+----------+-------------------------------------------
     0 | D:1      | Ahpoh the Vine Stalker Monk began the quest for the Orb.
     0 | D:1      | Reached XP level 1. HP: 11/11 MP: 2/2
    66 | D:1      | Reached XP level 2. HP: 11/16 MP: 1/3
   154 | D:1      | Reached skill level 3 in Long Blades
   418 | D:1      | Reached XP level 3. HP: 20/20 MP: 4/4
   686 | D:2      | Found an ancient bone altar of Kikubaaqudgha.
   692 | D:2      | Noticed Jessica
   699 | D:2      | Killed Jessica
   700 | D:2      | Gained mutation: Your natural rate of healing is unusually
                  | fast. [Vine Stalker growth]
   700 | D:2      | Reached XP level 4. HP: 12/24 MP: 2/5
   820 | D:2      | Found a faded altar of an unknown god.
  1276 | D:3      | Reached XP level 5. HP: 28/28 MP: 6/6
  1316 | D:3      | Reached skill level 4 in Long Blades
  1573 | D:3      | Found a glowing drain.
  1589 | Sewer    | Entered a sewer
  1819 | Sewer    | Noticed a kobold brigand
  1845 | Sewer    | Killed a kobold brigand
  1846 | Sewer    | Reached skill level 1 in Armour
  1846 | Sewer    | Reached XP level 6. HP: 32/33 MP: 7/7
  1986 | Sewer    | Reached skill level 5 in Long Blades
  1986 | Sewer    | Reached skill level 1 in Stealth
  2065 | Sewer    | Reached XP level 7. HP: 37/37 MP: 6/8
  2733 | D:4      | Found a broken altar of Ashenzari.
  3059 | D:4      | Noticed Menkaure
  3075 | D:4      | Slain by Menkaure

Illustrated notes

Levels and vault maps discovered:
D:1:      lightli_arrival_flooded_house, layout_rooms
D:2:      layout_rooms, basic_altar, dreamdust_ecumenical_altar_drowned_temple,
          serial_aquarium, aquarium_bridge_square [aquarium_subvault_balcony,
          aquarium_subvault_bridge, aquarium_subvault_bridge,
          aquarium_subvault_wall], aquarium_window_fake, aquarium_window_2,
          aquarium_window_corner, aquarium_view_2c, aquarium_view_2c,
          aquarium_balcony_1a, aquarium_pool_2, columned_hall_lemuel,
          uniq_jessica
D:3:      layout_loops_ring, gup_sewer_entry_bubbles
D:4:      layout_layer_cave, general_overflow_altar,
          pdpol_wu_jian_five_deadly_venoms, uniq_menkaure

Skill      XL: |  1  2  3  4  5  6  7 |
---------------+----------------------+-----
Long Blades    | 3 4 5 |  5.4
Fighting       | 3 4 |  4.0
Dodging        | 3 |  3.3
Armour         | 1 2 |  2.0
Stealth        | 1 |  1.9

Action                     |  1- 3 |  4- 6 |  7- 9 || total
---------------------------+-------+-------+-------++-------
  Melee: Falchion          |    69 |   158 |    37 ||   264
         Bite              |     8 |    43 |    12 ||    63
         Punch             |       |     2 |       ||     2
  Throw: Dart              |       |       |     5 ||     5
    Use: Potion            |       |     2 |       ||     2
         Scroll            |       |     1 |     2 ||     3
   Stab: Invisible         |       |     2 |       ||     2
 Armour: Robe              |    14 |       |       ||    14
         Scale mail        |    11 |    19 |       ||    30
         Chain mail        |       |    52 |    13 ||    65
  Dodge: Dodged            |    54 |    61 |    10 ||   125

Table legend: (Time is in decaauts)
 A = Elapsed time spent in this place.
 B = Non-inter-level travel time spent in this place.
 C = Inter-level travel time spent in this place.
 D = Time resting spent in this place.
 E = Time spent auto-exploring this place.
 F = Levels seen in this place.
 G = Mean time per level.
                   A        B        C        D        E       F      G
               +--------+--------+--------+--------+--------+-----+--------+
         Total |   3107 |   3018 |     89 |      0 |   1777 |   5 |  621.4 |
       Dungeon |   2390 |   2301 |     89 |      0 |   1397 |   4 |  597.5 |
         Sewer |    716 |    716 |      0 |      0 |    380 |   1 |  716.0 |
               +--------+--------+--------+--------+--------+-----+--------+

Top non-repeatable levels by time:
     D:3: 800 daAuts
   Sewer: 716 daAuts
     D:2: 687 daAuts
     D:1: 554 daAuts
     D:4: 348 daAuts
